 Dungeon Crawl Stone Soup version 0.19-a0-1320-g0178847 (webtiles) character file.

132 RogueShenanigans the Insei (level 4, -5/33 HPs)
             Began as a Demonspawn Transmuter on Aug 31, 2016.
             Slain by an orc priest
             ... wielding a +0 club
              (8 damage)
             ... on level 3 of the Dungeon.
             The game lasted 00:06:56 (3119 turns).

RogueShenanigans the Insei (Demonspawn Transmuter)  Turns: 3119, Time: 00:06:57

Health: -5/33      AC:  4    Str: 11    XL:     4   Next: 92%
Magic:  7/8        EV: 12    Int: 14    God:
Gold:   80         SH:  0    Dex: 14    Spells: 3 memorised, 2 levels left

rFire  . . .     SeeInvis .       - Unarmed
rCold  . . .     Gourm    .     b - +0 robe
rNeg   . . .     Faith    .     (no shield)
rPois  .         Spirit   .     (no helmet)
rElec  .         Dismiss  .     g - +1 cloak
rCorr  .         Reflect  .     (no gloves)
MR     .....     Harm     .     (no boots)
Stlth  ++........               (no amulet)
                                (no ring)
                                (no ring)

@: appendage (expiring)
A: hooves 1, horns 2, nightstalker 1
a: End Transformation


You were on level 3 of the Dungeon.
You were not hungry.
You had grown temporary horns.
You visited 1 branch of the dungeon, and saw 3 of its levels.

You collected 80 gold pieces.

Inventory:

Missiles
 a - 27 arrows
Armour
 b - a +0 robe (worn)
 g - a +1 cloak (worn)
Jewellery
 f - an uncursed ring of fire {unknown}
Scrolls
 e - 3 scrolls of enchant armour
 i - 2 scrolls of identify
 j - a scroll of immolation
Potions
 l - 2 potions of degeneration
 n - a potion of invisibility {unknown}
Books
 c - a book of Changes

   Spells                             Type                      Level
   a - Beastly Appendage              Transmutation                1
   b - Sticks to Snakes               Transmutation                2
   c - Spider Form                    Transmutation/Poison         3
   d - Ice Form                       Ice/Transmutation            4
   e - Blade Hands                    Transmutation                5
Comestibles
 d - 4 bread rations
 h - 3 beef jerkies
 m - a meat ration
 o - 3 chunks of flesh


   Skills:
 + Level 1.7 Fighting
 - Level 1.7 Dodging
 * Level 3.9 Unarmed Combat
 + Level 2.6 Spellcasting
 * Level 2.8 Transmutations


You had 2 spell levels left.
You knew the following spells:

 Your Spells              Type           Power        Failure   Level  Hunger
a - Beastly Appendage     Tmut           #.....       10%         1    #......
b - Sticks to Snakes      Tmut           #.......     12%         2    ###....
c - Spider Form           Tmut/Pois      #.........   38%         3    ###....


Dungeon Overview and Level Annotations

Branches:
Dungeon (3/15)

Altars:

Annotations:
D:2 Natasha


Innate Abilities, Weirdness & Mutations

You have large cloven feet.
You are slightly more attuned to the shadows.
You have a pair of horns on your head.


Message History

Things that are here:
a mace; a leather armour; an orc corpse You barely miss the orc priest.
Your kick misses the orc priest. Your headbutt misses the orc priest.
The orc priest hits you but does no damage.
You hit the orc priest but do no damage.
Your kick misses the orc priest. The orc priest closely misses you.
Some of the chunks of flesh in your inventory have rotted away.
You barely miss the orc priest.
The orc priest calls down the wrath of Beogh upon you.
Beogh smites you!
* * * LOW HITPOINT WARNING * * *
You hit the orc priest. Your kick misses the orc priest.
The orc priest is heavily wounded.
The orc priest hits you with a club.
* * * LOW HITPOINT WARNING * * *
You hit the orc priest.
The orc priest is almost dead.
The orc priest hits you with a club!
You die...

#........#..#.#
#......†....#.#
#...####.#..#.#
#..<+.......#.#
#...####.##.#.#
########....#.#
#..)#####.#
#...# #.# #...#
#@###### ##
#...# #o†....#
.#######...#
######.#
......))...+
#.#
......>#...#
#o#
....#..#####
#.# ....#..#
#.. ....#..#
### ....#..#


You could see an orc priest.

Vanquished Creatures
  An orc priest (D:3)
  2 adders
  A worm (D:3)
  A dart slug (D:1)
  2 giant geckos
  6 orcs (D:3)
  2 giant cockroaches
  7 goblins
  4 hobgoblins (D:1)
  17 jackals
  6 kobolds
  A ball python (D:3)
  7 bats
  3 giant newts (D:2)
  6 rats
66 creatures vanquished.

Notes
Turn   | Place    | Note
-------+----------+-------------------------------------------
     0 | D:1      | RogueShenanigans the Demonspawn Transmuter began the quest for the Orb.
     0 | D:1      | Reached XP level 1. HP: 15/15 MP: 3/3
   183 | D:1      | Gained mutation: You are slightly more attuned to the shadows. [demonic ancestry]
   183 | D:1      | Reached XP level 2. HP: 18/21 MP: 5/5
   218 | D:1      | Reached skill level 3 in Unarmed Combat
   436 | D:1      | Learned a level 2 spell: Sticks to Snakes
  1145 | D:1      | Reached XP level 3. HP: 23/26 MP: 6/6
  1197 | D:1      | Learned a level 3 spell: Spider Form
  1439 | D:2      | Noticed Natasha
  1700 | D:2      | Found a faded altar of an unknown god.
  2527 | D:3      | Gained mutation: You have large cloven feet. [demonic ancestry]
  2527 | D:3      | Reached XP level 4. HP: 23/32 MP: 7/7
  3119 | D:3      | Slain by an orc priest

Vault maps used:
D:1:      dpeg_arrival_subterranean_lakeside_camping
D:2:      ecumenical_altar_1, uniq_natasha
D:3:      nicolae_tso_carved_into_rock

Skill      XL: |  1  2 |
---------------+-------+-----
Transmutations | 2 |  2.8
Unarmed Combat | 3 |  3.9
Fighting       | |  1.7
Dodging        | |  1.7
Spellcasting   | |  2.6

Action                   |  1- 3 |  4- 6 || total
-------------------------+-------+-------++-------
Melee: Unarmed           |   177 |    70 ||   247
       Headbutt          |     4 |     6 ||    10
       Punch             |     1 |     1 ||     2
       Kick              |     2 |    10 ||    12
 Cast: Beastly Appendage |     7 |     6 ||    13
  Use: Scroll            |     6 |       ||     6
       Potion            |       |     1 ||     1
 Stab: Sleeping          |     7 |       ||     7
  Eat: Chunk             |     5 |     2 ||     7
Armor: Robe              |    38 |     7 ||    45
Dodge: Dodged            |   100 |    39 ||   139
